 Dungeon Crawl Stone Soup version 0.32-a0-799-g95e1662365 (webtiles) character file.

Game seed: 14634626388507680324

22332 adelrune the Cleaver (level 11, -2/89 HPs)
             Began as a Demonspawn Gladiator on Mar 21, 2024.
             Was a Priest of Ru.
             Engulfed by a cloud of spectral mist (6 damage)
             ... on level 3 of the Lair of Beasts.
             The game lasted 00:29:38 (13138 turns).

adelrune the Cleaver (Demonspawn Gladiator)        Turns: 13138, Time: 00:29:38

Health: -2/89      AC: 13    Str: 29    XL:     11   Next: 62%
Magic:  11/11      EV: 14    Int: 11    God:    Ru [***...]
Gold:   427        SH:  5    Dex: 15    Spells: 10/10 levels left

rFire   . . .        l - +10 broad axe "Kyrorghet" {freeze, Str+5 Int+2}
rCold   . . .        U - +0 buckler
rNeg    . . .        E - +0 chain mail
rPois   .            (helmet unavailable)
rElec   .            (cloak unavailable)
rCorr   .            (no gloves)
SInv    .            j - +1 pair of boots
Will    .....        s - amulet of faith Stlth
                     w - +5 ring of evasion
HPRegen 0.34/turn    A - +6 ring of strength
MPRegen 0.12/turn

%: faith
@: no status effects
A: horns 3, demonic guardian 2, ignite blood 1, no conjurations magic, no fire
magic, no hexes magic, inexperienced 1, weakness stinger 3
a: Renounce Religion, Sacrifice Resistance, Sacrifice Drink, Sacrifice Essence,
Reject Sacrifices, Draw Out Power


You were on level 3 of the Lair of Beasts.
You worshipped Ru.
Ru was most pleased with you.
You visited 3 branches of the dungeon, and saw 14 of its levels.

You collected 808 gold pieces.
You spent 381 gold pieces at shops.

Inventory:

Hand Weapons
 l - the +10 broad axe "Kyrorghet" (weapon) {freeze, Str+5 Int+2}
   (You acquired it on level 9 of the Dungeon)

   Str+5:     It affects your strength (+5).
   Int+2:     It affects your intelligence (+2).
 G - a +4 morningstar of freezing
 H - a +3 war axe
Missiles
 d - a throwing net
 e - 3 javelins
 I - 3 curare-tipped darts
 J - 20 boomerangs (quivered)
 M - 3 silver javelins
Armour
 b - a +0 leather armour
 c - a +0 helmet
 h - a scarf of repulsion
 j - a +1 pair of boots (worn)
 E - a +0 chain mail (worn)
 U - a +0 buckler (worn)
 V - a +1 cloak
Jewellery
 i - a ring of see invisible
 m - an amulet of magic regeneration
 s - an amulet of faith (around neck)
 v - a ring of protection from cold
 w - a +5 ring of evasion (left hand)
 A - a +6 ring of strength (right hand)
 L - a ring of protection from fire
 N - a ring of poison resistance
Wands
 a - a wand of charming (6)
 r - a wand of polymorph (9)
 K - a wand of roots (9)
 T - a wand of flame (14)
 W - a wand of digging (6)
Scrolls
 k - 8 scrolls of immolation
 n - 4 scrolls of blinking {unknown}
 p - a scroll of brand weapon {unknown}
 y - 2 scrolls of torment {unknown}
 B - 3 scrolls of amnesia {unknown}
 D - 3 scrolls of summoning
 F - 2 scrolls of fear
 O - a scroll of fog
 P - 2 scrolls of teleportation
 Q - a scroll of noise
 R - 4 scrolls of vulnerability {unknown}
 X - a scroll of enchant armour
Potions
 f - 8 potions of curing
 g - 2 potions of haste
 o - 2 potions of lignification
 q - a potion of cancellation
 t - 6 potions of heal wounds
 u - 3 potions of might
 x - a potion of brilliance
 z - a potion of ambrosia
 C - a potion of magic {unknown}
 S - a potion of mutation {unknown}
 Y - 2 potions of enlightenment {unknown}


   Skills:
 + Level 9.5 Fighting
 * Level 12.3 Axes
 + Level 5.1 Throwing
 + Level 8.3 Armour
 - Level 2.6 Dodging
 * Level 5.4 Shields
 + Level 7.5 Evocations


You had 10 spell levels left.
You didn't know any spells.
Your spell library contained the following spells:

 Spells                   Type           Power      Damage    Failure   Level
 Fugue of the Fallen      Necr           0%         N/A       99%         3
 Olgreb's Toxic Radiance  Alch           0%         N/A       100%        4
 Haunt                    Necr/Summ      0%         N/A       100%        7
 Ozocubu's Refrigeration  Ice            0%         4d7       100%        7
 Borgnjor's Revivificati  Necr           0%         N/A       100%        8
 Death's Door             Necr           0%         N/A       100%        9
 Ensorcelled Hibernation  Hex/Ice        Unusable   N/A       N/A         2
 Anguish                  Hex/Necr       Unusable   N/A       N/A         4
 Discord                  Hex            Unusable   N/A       N/A         8

Dungeon Overview and Level Annotations

Branches:
Dungeon (10/15)            Temple (1/1) D:4            Lair (3/5) D:10
 Shoals (0/4) Lair:2        Snake (0/4) Lair:3          Orc (0/2) D:10

Altars:
Ashenzari
Cheibriados
Dithmenos
Fedhas
Gozag
Hepliaklqana
Kikubaaqudgha
Makhleb
Nemelex Xobeh
Okawaru
Qazlal
Ru
Sif Muna
Trog
Uskayaw
Wu Jian
Xom
Yredelemnul

Shops:
D:1 *   D:4 !   D:8 ?

Annotations:
Lair:3 exclusion: oklob plant


Innate Abilities, Weirdness & Mutations

You have a pair of large horns on your head.
A demonic guardian rushes to your aid.
Your demonic aura sometimes causes spilled blood to erupt in flames.
You cannot study or cast Conjurations magic.
You cannot study or cast Fire magic.
You cannot study or cast Hexes magic.
You are somewhat inexperienced. (-1 XL)
You have a sharp stinger which inflicts weakening toxins.


Message History

You destroy the spectral torpor snail!
The spectral torpor snail fades away!
The ghost crab is no longer blind.
You block the spectral snapping turtle's attack.
The ghost crab breathes spectral mist at you.
The spectral mist engulfs you.
You are engulfed in spectral mist.
* * * LOW HITPOINT WARNING * * *
The spectral snapping turtle closely misses you.
The ghost crab breathes spectral mist at you.
The spectral mist engulfs you.
You are engulfed in spectral mist.
* * * LOW HITPOINT WARNING * * *
The spectral snapping turtle fades away!
The ghost crab breathes spectral mist at you.
The spectral mist engulfs you.
You see here 3 stones.
You hit the ghost crab. You freeze the ghost crab. You headbutt the ghost crab.
The ghost crab is severely damaged.
You are engulfed in spectral mist.
* * * LOW HITPOINT WARNING * * *
You redirect the ghost crab's attack!
You block the ghost crab's attack.
The ghost crab claws you but does no damage.
You hit the ghost crab but do no damage.
The ghost crab is severely damaged.
You are engulfed in spectral mist.
* * * LOW HITPOINT WARNING * * *
The ghost crab bites you!
* * * LOW HITPOINT WARNING * * *
A demonic guardian appears!
You focus your inner power and blind the ghost crab in retribution!
You block the ghost crab's attack.
You hit the ghost crab. You freeze the ghost crab. You headbutt the ghost crab!
You tail-slap the ghost crab.
You destroy the ghost crab!
The spectral snapping turtle fades away!
The spectral six-headed hydra fades away!
The spectral komodo dragon fades away!
You are engulfed in spectral mist.
You die...
Ru respects your ultimate sacrifice.

# ##### ###
.##.###.############
.........'.÷.....÷.#
.........#########†#
........°#§☼§§§°°#.#
.......°°#.#####4#.#
..#......#÷# #.#÷#
..#......#.# #@#.#
..#......#†# #☼#.#
..P..#..P#.# #○#.#
.P...#...#.# #☼#.#
.........#÷# #○#.#
.........#.# #°#.#
.#...#...#.# ○°#÷#
.........#.#######.#
......#..#.÷....†..#


You could see a friendly ice devil (summoned).

Vanquished Creatures
  2 entropy weavers (Lair:3)
  2 catoblepae (Lair:1)
  A centaur warrior (D:10)
  3 ghost crabs (Lair:3)
  A skyshark (Lair:3)
  Nergalle (Lair:3)
  4 fire crabs (Lair:3)
  Pikel (D:9)
  An oklob plant (D:10)
  A merfolk siren (Lair:2)
  A black mamba (Lair:3)
  6 cane toads
  A rime drake (Lair:1)
  A kobold demonologist (D:9)
  5 komodo dragons
  3 merfolk (Lair:2)
  2 polar bears (Lair:3)
  A shadow (D:10)
  2 wyverns
  18 yaks
  A basilisk (Lair:3)
  3 steam dragons
  2 nagas (Lair:3)
  6 water moccasins
  2 orc warriors
  4 ice beasts
  A black bear (D:5)
  2 ogres
  A sky beast (D:7)
  6 wolves (Lair:3)
  2 centaurs
  A phantom (D:6)
  3 lemures (D:9)
  2 kobold brigands
  9 bullfrogs
  2 scorpions (D:5)
  10 wights
  An oklob sapling (D:4)
  4 howler monkeys
  2 bombardier beetles
  5 orc priests
  A hound (D:5)
  A jelly (D:8)
  Natasha (thrice) (D:2)
  A sleepcap (D:5)
  4 iguanas
  15 orc wizards
  2 hell rats (Lair:2)
  7 gnolls
  6 adders
  6 river rats (Lair:2)
  A white imp (D:6)
  3 ufetubi (D:6)
  5 ribbon worms
  2 dart slugs (D:1)
  37 orcs
  5 ball pythons
  7 endoplasms
  2 giant cockroaches
  9 goblins
  5 hobgoblins
  10 jackals
  2 quokkas
  A bat (D:2)
  A frilled lizard (D:1)
  19 kobolds
  10 rats
291 creatures vanquished.

Vanquished Creatures (collateral kills)
  A centaur (D:8)
  A gnoll sergeant (D:6)
  2 scorpions (D:5)
  A gnoll bouda (D:8)
  An orc priest (D:8)
  A gnoll (D:6)
7 creatures vanquished.

Vanquished Creatures (others)
  A gnoll (D:6)
1 creature vanquished.

Grand Total: 299 creatures vanquished

Notes
Turn   | Place    | Note
-------+----------+-------------------------------------------
     0 | D:1      | adelrune the Demonspawn Gladiator began the quest for the
                  | Orb.
     0 | D:1      | Reached XP level 1. HP: 16/16 MP: 1/1
    82 | D:1      | Found Wygorh Wulaf's General Store.
   163 | D:1      | Reached skill level 3 in Axes
   163 | D:1      | Discovered your monstrous ancestry.
   163 | D:1      | Gained mutation: You have a pair of small horns on your
                  | head. [demonic ancestry]
   163 | D:1      | Reached XP level 2. HP: 19/22 MP: 2/2
   469 | D:2      | Reached skill level 1 in Armour
   478 | D:2      | Gained mutation: You have a small tail. [demonic ancestry]
   478 | D:2      | Reached XP level 3. HP: 28/28 MP: 3/3
   647 | D:2      | Found a sparkling altar of Nemelex Xobeh.
   648 | D:2      | Noticed Natasha
   657 | D:2      | HP: 1/28 [Natasha (7)]
   658 | D:2      | Killed Natasha
   778 | D:2      | Gained mutation: You have a pair of horns on your head.
                  | [demonic ancestry]
   778 | D:2      | Reached XP level 4. HP: 30/34 MP: 4/4
   808 | D:2      | Noticed Natasha
   819 | D:2      | Killed Natasha
   903 | D:2      | Reached skill level 4 in Axes
  1025 | D:2      | Noticed Natasha
  1041 | D:2      | Killed Natasha
  1042 | D:2      | Gained mutation: A weak demonic guardian rushes to your
                  | aid. [demonic ancestry]
  1042 | D:2      | Reached XP level 5. HP: 12/41 MP: 5/5
  2201 | D:4      | Found Uzxuyrph's Distillery.
  2208 | D:4      | Bought a potion of curing for 30 gold pieces
  2208 | D:4      | Bought a potion of heal wounds for 50 gold pieces
  2383 | D:4      | Reached skill level 1 in Evocations
  2573 | D:4      | Reached XP level 6. HP: 43/47 MP: 6/6
  2640 | D:4      | Found a staircase to the Ecumenical Temple.
  2673 | Temple   | Entered the Ecumenical Temple
  2689 | Temple   | Became a worshipper of Ru the Awakened
  2812 | D:5      | Entered Level 5 of the Dungeon
  2844 | D:5      | Reached skill level 5 in Axes
  3110 | D:5      | Gained mutation: A demonic guardian rushes to your aid.
                  | [demonic ancestry]
  3110 | D:5      | Reached XP level 7. HP: 39/54 MP: 7/7
  3556 | D:5      | Reached skill level 6 in Axes
  3963 | D:5      | Gained mutation: You have a tail ending in a sharp stinger.
                  | [demonic ancestry]
  3963 | D:5      | Reached XP level 8. HP: 38/61 MP: 8/8
  4143 | D:6      | Gained mutation: You cannot study or cast Fire magic. [Ru
                  | sacrifice]
  4143 | D:6      | Gained mutation: You cannot study or cast Hexes magic. [Ru
                  | sacrifice]
  4143 | D:6      | Gained mutation: You cannot study or cast Conjurations
                  | magic. [Ru sacrifice]
  4143 | D:6      | Reached * piety under Ru
  4205 | D:6      | Reached skill level 5 in Fighting
  4326 | D:6      | Reached skill level 7 in Axes
  5013 | D:6      | Gained mutation: Your demonic aura sometimes causes spilled
                  | blood to erupt in flames. [demonic ancestry]
  5013 | D:6      | Reached XP level 9. HP: 10/68 MP: 9/9
  5340 | D:6      | Reached skill level 5 in Armour
  5520 | D:7      | Reached skill level 8 in Axes
  5773 | D:7      | Found a stormy altar of Qazlal.
  5778 | D:7      | Found an iron altar of Okawaru.
  6199 | D:7      | Gained mutation: You are somewhat inexperienced. (-1 XL)
                  | [Ru sacrifice]
  6199 | D:7      | Reached XP level 8. HP: 65/65 MP: 8/8
  6199 | D:7      | Reached ** piety under Ru
  6199 | D:7      | Reached *** piety under Ru
  6274 | D:7      | Found a sparkling altar of Nemelex Xobeh.
  6275 | D:7      | Found a hazy altar of Hepliaklqana.
  6577 | D:8      | Noticed Jeremiah
  6651 | D:8      | Jeremiah changed into Jeremiah the adder
  6651 | D:8      | Noticed Jeremiah
  6657 | D:8      | Killed Jeremiah the adder
  7017 | D:8      | Found Fouloe's Magic Scroll Shoppe.
  7021 | D:8      | Reached skill level 9 in Axes
  7025 | D:8      | Bought a scroll of fear for 56 gold pieces
  7025 | D:8      | Bought a scroll of fog for 56 gold pieces
  7025 | D:8      | Bought a scroll of teleportation for 42 gold pieces
  7025 | D:8      | Bought a scroll of summoning for 133 gold pieces
  7025 | D:8      | Bought a scroll of noise for 14 gold pieces
  7330 | D:9      | Noticed a kobold demonologist
  7337 | D:9      | Noticed a red devil
  7343 | D:9      | Noticed an ice devil
  7347 | D:9      | Killed a kobold demonologist
  7480 | D:9      | Noticed Pikel
  7493 | D:9      | Killed Pikel
  7494 | D:9      | Reached XP level 9. HP: 66/72 MP: 9/9
  8222 | D:9      | Identified a scroll of acquirement
  8222 | D:9      | Acquired the +10 broad axe "Kyrorghet" {freeze, Str+5
                  | Int+2}
  8268 | D:10     | Entered Level 10 of the Dungeon
  8268 | D:10     | Found a staircase to the Orcish Mines.
  8305 | D:10     | Noticed a centaur warrior
  8310 | D:10     | Killed a centaur warrior
  8413 | D:10     | Found the +8 trident of the Octopus King {venom, rElec
                  | rPois}
  8732 | D:10     | Reached skill level 5 in Evocations
  8734 | D:10     | Reached skill level 10 in Axes
  8744 | D:10     | Found a staircase to the Lair.
  8744 | D:10     | Noticed an oklob plant
  8808 | D:10     | Killed an oklob plant
  9082 | Lair:1   | Entered Level 1 of the Lair of Beasts
  9082 | Lair:1   | Noticed a cane toad
  9095 | Lair:1   | Killed a cane toad
  9216 | Lair:1   | Noticed a catoblepas
  9226 | Lair:1   | Killed a catoblepas
  9289 | Lair:1   | Noticed a cane toad
  9308 | Lair:1   | Killed a cane toad
  9309 | Lair:1   | Gained mutation: You have a pair of large horns on your
                  | head. [demonic ancestry]
  9309 | Lair:1   | Reached XP level 10. HP: 69/80 MP: 10/10
  9380 | Lair:1   | Identified the +1 robe "Naoll" {rC+ SInv}
  9393 | Lair:1   | Noticed a catoblepas
  9415 | Lair:1   | Killed a catoblepas
  9616 | Lair:1   | Reached skill level 11 in Axes
 10111 | Lair:1   | Reached skill level 1 in Shields
 11181 | Lair:2   | Found a staircase to the Shoals.
 11638 | Lair:3   | Found a staircase to the Snake Pit.
 11798 | Lair:3   | Gained mutation: You have a sharp stinger which inflicts
                  | weakening toxins. [demonic ancestry]
 11798 | Lair:3   | Reached XP level 11. HP: 89/89 MP: 11/11
 11814 | Lair:3   | Noticed Nergalle
 11831 | Lair:3   | Killed Nergalle
 11995 | Lair:3   | Found a runed translucent door.
 12466 | Lair:3   | Identified the +4 orcbow of Guile {flame, rN+}
 12597 | Lair:3   | Identified the +1 robe of Existentialism {Archmagi}
 12797 | Lair:3   | Reached skill level 12 in Axes
 12818 | Lair:3   | Noticed an entropy weaver
 12828 | Lair:3   | Killed an entropy weaver
 12829 | Lair:3   | Reached skill level 5 in Shields
 12952 | Lair:3   | Noticed a ghost crab
 12956 | Lair:3   | Killed a ghost crab
 12957 | Lair:3   | Reached skill level 5 in Throwing
 12957 | Lair:3   | Noticed a ghost crab
 12963 | Lair:3   | Killed a ghost crab
 13114 | Lair:3   | Noticed an entropy weaver
 13121 | Lair:3   | Killed an entropy weaver
 13122 | Lair:3   | Noticed a ghost crab
 13137 | Lair:3   | HP: 4/89 [ghost crab (12)]
 13138 | Lair:3   | Killed a ghost crab
 13138 | Lair:3   | Engulfed by a cloud of spectral mist

Illustrated notes

Levels and vault maps discovered:
D:1:      dpeg_arrival_ratfight, layout_rooms, serial_shops, nicolae_shop_stone
D:2:      layout_basic, basic_altar, grunt_decor_fettered, minmay_nonomino_d4,
          uniq_natasha
D:3:      layout_loops_ring, nicolae_the_louvre
D:4:      layout_rooms, nicolae_tso_carved_into_rock, minmay_temple_entry_oklob,
          serial_shops, nicolae_stop_n_shop_1
D:5:      layout_loops_corners, serial_rivers, chequers_serial_rivers_micro_c,
          chequers_serial_rivers_micro_d, chequers_serial_rivers_small_b,
          chequers_serial_rivers_marsh, chequers_serial_rivers_micro_d,
          chequers_serial_rivers_micro_d, minmay_misc_feat_more_columns,
          minivault_14
D:6:      layout_loops_cross, nicolae_ossuary_entry_ruins, st_stairs_5
D:7:      layout_gridville, nicolae_overflow_hidden_temple, serial_bayou,
          serial_bayou_pond_d, serial_bayou_pond_e, serial_bayou_pond_e,
          serial_bayou_pond_e, kennysheep_windowed_goal
D:8:      layout_basic, serial_shops, shop, uniq_jeremiah
D:9:      layout_layer_cave, uniq_pikel
D:10:     layout_long_grid, dpeg_oklobed_lair, orc_0_dummy
Temple:   eino_temple_rhombus
Lair:1:   layout_cave_pods, small_statue_intersection,
          chequers_serial_rivers_small_a, lemuel_fruit_fields,
          grunt_megastairs_3
Lair:2:   layout_loops_ring, elwin_shoals_entry_stream, kennysheep_rathole
Lair:3:   gammafunk_mikee_crab_dinner, layout_gridlike,
          guppyfry_snake_entry_garden, minmay_lair_oklob_items,
          serial_bayou_shore_a, uniq_nergalle

Skill      XL: |  1  2  3  4  5  6  7  8  9 10 11 |
---------------+----------------------------------+-----
Axes           | 3 4 5 6 9 10 11 12 | 12.3
Armour         | 1 2 3 6 7 8 |  8.3
Fighting       | 3 4 7 8 9 |  9.5
Evocations     | 1 2 3 4 5 6 7 |  7.5
Throwing       | 2 4 5 |  5.1
Shields        | 3 5 |  5.4
Dodging        | |  2.6

Action                     |  1- 3 |  4- 6 |  7- 9 | 10-12 || total
---------------------------+-------+-------+-------+-------++-------
  Melee: War axe           |    67 |   135 |   307 |       ||   509
         Headbutt          |     8 |    25 |    65 |    48 ||   146
         Tailslap          |     2 |    15 |    55 |    25 ||    97
         Broad axe         |       |       |    45 |   169 ||   214
  Throw: Throwing net      |       |     2 |       |       ||     2
         Boomerang         |       |       |     3 |       ||     3
 Invoke: Sacrifice Arcana  |       |       |     1 |       ||     1
         Sacrifice Experie |       |       |     1 |       ||     1
  Evoke: Wand              |       |       |     3 |     2 ||     5
    Use: Scroll            |       |       |     9 |       ||     9
   Stab: Sleeping          |     1 |     1 |       |       ||     2
         Distracted        |       |       |     2 |       ||     2
 Armour: Leather armour    |    41 |    75 |    84 |       ||   200
         Chain mail        |       |       |   113 |   126 ||   239
  Dodge: Dodged            |    43 |    94 |   251 |    98 ||   486
         Repelled          |     6 |     6 |     9 |     1 ||    22
  Block: Buckler           |       |       |       |    34 ||    34

Table legend: (Time is in decaauts)
 A = Elapsed time spent in this place.
 B = Non-inter-level travel time spent in this place.
 C = Inter-level travel time spent in this place.
 D = Time resting spent in this place.
 E = Time spent auto-exploring this place.
 F = Levels seen in this place.
 G = Mean time per level.
                   A        B        C        D        E       F      G
               +--------+--------+--------+--------+--------+-----+--------+
         Total |  13270 |  12651 |    619 |   2306 |   8198 |  14 |  947.9 |
       Dungeon |   9347 |   8901 |    446 |   1317 |   6018 |  10 |  934.7 |
        Temple |     32 |      2 |     30 |      0 |      0 |   1 |   32.0 |
          Lair |   3889 |   3747 |    142 |    989 |   2180 |   3 | 1296.3 |
               +--------+--------+--------+--------+--------+-----+--------+

Top non-repeatable levels by time:
  Lair:3: 1553 daAuts
  Lair:1: 1466 daAuts
     D:6: 1438 daAuts
     D:5: 1362 daAuts
     D:2: 1216 daAuts
     D:9: 1055 daAuts
     D:7: 959 daAuts
    D:10: 876 daAuts
  Lair:2: 869 daAuts
     D:8: 816 daAuts
     D:4: 591 daAuts
     D:3: 587 daAuts
     D:1: 444 daAuts
  Temple: 32 daAuts
